| TOP OF THE 1ST |
|
Portland Angels batting - Pitching for Kelowna Heat : LHP Chris Wrobel
|
|
Pitching: LHP Chris Wrobel
|
|
|
Batting: RHB Jose Garduno
|
0-0: Ball 1-0: Called Strike 1-1: SINGLE (Flyball, 7LS, EV 93.8 MPH)
|
|
Batting: LHB Miguel Hernandez
|
0-0: Called Strike 0-1: Ball 1-1: Swinging Strike 1-2: Ball 2-2: Ball 3-2: Strikes out swinging
|
|
Batting: RHB Joe Keough
|
0-0: Ball 1-0: Ball 2-0: Ball 3-0: Base on Balls Jose Garduno to second
|
|
Batting: RHB Mario Martinez
|
0-0: Ball 1-0: Foul Ball, location: 2F 1-1: 3-RUN HOME RUN (Flyball, 78XD, EV 111.9 MPH), Distance : 438 ft
|
|
Batting: RHB Jayden Hollaway
|
0-0: Ball 1-0: Called Strike 1-1: Swinging Strike 1-2: Ball 2-2: Foul Ball, location: 2F 2-2: Ground out 4-3 (Groundball, 4M, EV 99.4 MPH)
|
|
Batting: LHB John Harvey
|
0-0: Called Strike 0-1: Ball 1-1: Ground out 4-3 (Groundball, 4S, EV 82.5 MPH)
|
| Top of the 1st over - 3 runs, 2 hits, 0 errors, 0 left on base; Portland 3 - Kelowna 0 |
| BOTTOM OF THE 1ST |
|
Kelowna Heat batting - Pitching for Portland Angels : RHP William Flannigan
|
|
Pitching: RHP William Flannigan
|
|
|
Batting: RHB Jose Sanchez
|
0-0: Foul Ball, location: 2F 0-1: Ball 1-1: Swinging Strike 1-2: Strikes out swinging
|
|
Batting: SHB Michael Woodard
|
0-0: Ball 1-0: Ball 2-0: Foul Ball, location: 2F 2-1: Ball 3-1: Foul Ball, location: 2F 3-2: Strikes out swinging
|
|
Batting: LHB Billy Lang
|
0-0: Ball 1-0: Ball 2-0: Ball 3-0: Called Strike 3-1: Foul Ball, location: 2F 3-2: Foul Ball, location: 2F 3-2: SINGLE (Flyball, 78S, EV 87.5 MPH)
|
|
Batting: LHB Alex Larangho
|
0-0: Called Strike 0-1: Called Strike 0-2: Foul Ball, location: 2F 0-2: Foul Ball, location: 2F 0-2: Strikes out looking
|
| Bottom of the 1st over - 0 runs, 1 hit, 0 errors, 1 left on base; Portland 3 - Kelowna 0 |
| TOP OF THE 2ND |
|
Portland Angels batting - Pitching for Kelowna Heat : LHP Chris Wrobel
|
|
Batting: RHB Bob Dewar
|
0-0: Ball 1-0: Ball 2-0: Ball 3-0: Called Strike 3-1: Ground out 6-3 (Groundball, 6M, EV 98.1 MPH)
|
|
Batting: RHB Ken Beck
|
0-0: Called Strike 0-1: Ball 1-1: SINGLE (Groundball, 56, EV 95.0 MPH)
|
|
Batting: LHB Lourens Aukema
|
0-0: Fielders Choice at 2nd, 5-4 (Groundball, 6, EV 85.6 MPH)
|
|
Batting: RHB Jose Garduno
|
0-0: Fly out, F8 (Flyball, 8RM, EV 73.8 MPH)
|
| Top of the 2nd over - 0 runs, 1 hit, 0 errors, 1 left on base; Portland 3 - Kelowna 0 |
| BOTTOM OF THE 2ND |
|
Kelowna Heat batting - Pitching for Portland Angels : RHP William Flannigan
|
|
Batting: RHB Sean Gilbert
|
0-0: Called Strike 0-1: Foul Ball, location: 2F 0-2: Ball 1-2: Ball 2-2: Strikes out swinging
|
|
Batting: LHB Willy Berrios
|
0-0: Ball 1-0: Fly out, F9 (Flyball, 9D, EV 86.2 MPH)
|
|
Batting: RHB Glen Limeburner
|
0-0: Ground out 5-3 (Groundball, 56, EV 95.0 MPH)
|
| Bottom of the 2nd over - 0 runs, 0 hits, 0 errors, 0 left on base; Portland 3 - Kelowna 0 |
| TOP OF THE 3RD |
|
Portland Angels batting - Pitching for Kelowna Heat : LHP Chris Wrobel
|
|
Batting: LHB Miguel Hernandez
|
0-0: Foul Ball, location: 2F 0-1: Fly out, F7 (Flyball, 78S, EV 78.8 MPH)
|
|
Batting: RHB Joe Keough
|
0-0: Called Strike 0-1: Foul Ball, location: 2F 0-2: Strikes out looking
|
|
Batting: RHB Mario Martinez
|
0-0: Called Strike 0-1: Foul Ball, location: 2F 0-2: Strikes out swinging
|
| Top of the 3rd over - 0 runs, 0 hits, 0 errors, 0 left on base; Portland 3 - Kelowna 0 |
| BOTTOM OF THE 3RD |
|
Kelowna Heat batting - Pitching for Portland Angels : RHP William Flannigan
|
|
Batting: LHB Caleb Hartwell
|
0-0: Ground out 4-3 (Groundball, 4M, EV 105.0 MPH)
|
|
Batting: RHB Joe Nelson
|
0-0: Ball 1-0: SINGLE (Groundball, 6MD, EV 100.0 MPH)
|
|
Batting: RHB Jose Sanchez
|
0-0: Called Strike 0-1: Ball 1-1: Grounds into double play, 6-4-3 (Groundball, 6, EV 85.0 MPH)
|
| Bottom of the 3rd over - 0 runs, 1 hit, 0 errors, 0 left on base; Portland 3 - Kelowna 0 |
| TOP OF THE 4TH |
|
Portland Angels batting - Pitching for Kelowna Heat : LHP Chris Wrobel
|
|
Batting: RHB Jayden Hollaway
|
0-0: Ball 1-0: Foul Ball, location: 2F 1-1: Called Strike 1-2: Ground out U3 (Groundball, 3S, EV 67.5 MPH)
|
|
Batting: LHB John Harvey
|
0-0: Foul Ball, location: 2F 0-1: Called Strike 0-2: Fly out, F9 (Flyball, 89M, EV 96.2 MPH)
|
|
Batting: RHB Bob Dewar
|
0-0: Foul Ball, location: 2F 0-1: Called Strike 0-2: SINGLE (Groundball, 56D, EV 102.5 MPH)
|
|
Batting: RHB Ken Beck
|
0-0: Ball 1-0: Ball 2-0: Ball 3-0: Fly out, F2 (Popup, 13S, EV 89.4 MPH)
|
| Top of the 4th over - 0 runs, 1 hit, 0 errors, 1 left on base; Portland 3 - Kelowna 0 |
| BOTTOM OF THE 4TH |
|
Kelowna Heat batting - Pitching for Portland Angels : RHP William Flannigan
|
|
Batting: SHB Michael Woodard
|
0-0: Called Strike 0-1: Ball 1-1: Ball 2-1: Ball 3-1: Base on Balls
|
|
Batting: LHB Billy Lang
|
0-0: Foul Ball, location: 2F 0-1: Foul Ball, location: 2F 0-2: Ball 1-2: Fielders Choice at 2nd, 3-6 (Groundball, 23, EV 83.8 MPH)
|
|
Batting: LHB Alex Larangho
|
0-0: Swinging Strike 0-1: Ball 1-1: Ball 2-1: Ball 3-1: Base on Balls Billy Lang to second
|
|
Batting: RHB Sean Gilbert
|
0-0: Ball 1-0: Ball 2-0: Ball 3-0: Base on Balls Billy Lang to third Alex Larangho to second
|
|
Batting: LHB Willy Berrios
|
0-0: Ball 1-0: Foul Ball, location: 2F 1-1: Swinging Strike 1-2: Strikes out swinging
|
|
Batting: RHB Glen Limeburner
|
0-0: Foul Ball, location: 2F 0-1: GRAND SLAM HOME RUN (Flyball, 7D, EV 101.2 MPH), Distance : 395 ft
|
|
Batting: LHB Caleb Hartwell
|
0-0: Ball 1-0: Called Strike 1-1: Called Strike 1-2: Foul Ball, location: 2F 1-2: Strikes out swinging
|
| Bottom of the 4th over - 4 runs, 1 hit, 0 errors, 0 left on base; Portland 3 - Kelowna 4 |
| TOP OF THE 5TH |
|
Portland Angels batting - Pitching for Kelowna Heat : LHP Chris Wrobel
|
|
Batting: LHB Lourens Aukema
|
0-0: Swinging Strike 0-1: Ball 1-1: Ball 2-1: Foul Ball, location: 2F 2-2: Ball 3-2: Strikes out looking
|
|
Batting: RHB Jose Garduno
|
0-0: SINGLE (Groundball, 4M, EV 108.1 MPH) (infield hit)
|
|
Batting: LHB Miguel Hernandez
|
0-0: Ball 1-0: Fly out, F7 (Flyball, 78M, EV 84.4 MPH)
|
|
Batting: RHB Joe Keough
|
0-0: Ball Jose Garduno is caught stealing 2nd base 2-4
|
| Top of the 5th over - 0 runs, 1 hit, 0 errors, 0 left on base; Portland 3 - Kelowna 4 |
| BOTTOM OF THE 5TH |
|
Kelowna Heat batting - Pitching for Portland Angels : RHP William Flannigan
|
|
Batting: RHB Joe Nelson
|
0-0: Ball 1-0: Ball 2-0: SINGLE (Groundball, 6MD, EV 102.5 MPH)
|
|
Batting: RHB Jose Sanchez
|
0-0: Grounds into double play, 3-6-1 (Groundball, 34, EV 81.9 MPH)
|
|
Batting: SHB Michael Woodard
|
0-0: Ball 1-0: Called Strike 1-1: Foul Ball, location: 2F 1-2: Foul Ball, location: 2F 1-2: Ground out 6-3 (Groundball, 6, EV 84.4 MPH)
|
| Bottom of the 5th over - 0 runs, 1 hit, 0 errors, 0 left on base; Portland 3 - Kelowna 4 |
| TOP OF THE 6TH |
|
Portland Angels batting - Pitching for Kelowna Heat : LHP Chris Wrobel
|
|
Batting: RHB Joe Keough
|
0-0: Called Strike 0-1: Ball 1-1: Ball 2-1: Ball 3-1: Called Strike 3-2: Foul Ball, location: 2F 3-2: Base on Balls
|
|
Batting: RHB Mario Martinez
|
0-0: Ball 1-0: Called Strike 1-1: Called Strike 1-2: Strikes out looking
|
|
Batting: RHB Jayden Hollaway
|
0-0: Ball 1-0: Ball 2-0: Called Strike 2-1: Ball 3-1: Base on Balls Joe Keough to second
|
|
Batting: LHB John Harvey
|
0-0: Called Strike 0-1: Ball 1-1: Ball 2-1: Ball 3-1: Base on Balls Joe Keough to third Jayden Hollaway to second
|
|
Batting: RHB Bob Dewar
|
0-0: Foul Ball, location: 2F 0-1: Foul Ball, location: 2F 0-2: Foul Ball, location: 2F 0-2: Ball 1-2: Strikes out looking
|
|
Pinch Hitting: RHB Alex Rosaly
|
0-0: Fly out, F8 (Flyball, 78M, EV 81.9 MPH)
|
| Top of the 6th over - 0 runs, 0 hits, 0 errors, 3 left on base; Portland 3 - Kelowna 4 |
| BOTTOM OF THE 6TH |
|
Kelowna Heat batting - Pitching for Portland Angels : RHP William Flannigan
|
|
Now in CF: Dan Contreras
|
|
|
Batting: LHB Billy Lang
|
0-0: Foul Ball, location: 2F 0-1: Foul Ball, location: 2F 0-2: Foul Ball, location: 2F 0-2: Ball 1-2: Ball 2-2: Foul Ball, location: 2F 2-2: Foul Ball, location: 2F 2-2: Ball 3-2: Foul Ball, location: 2F 3-2: Fly out, F8 (Flyball, 8LM, EV 85.6 MPH)
|
|
Pitching: LHP Ismael Flores
|
|
|
Batting: LHB Alex Larangho
|
0-0: Called Strike 0-1: Ball 1-1: Ball 2-1: Foul Ball, location: 2F 2-2: Ball 3-2: SOLO HOME RUN (Flyball, 89XD, EV 115.0 MPH), Distance : 428 ft
|
|
Batting: RHB Sean Gilbert
|
0-0: Called Strike 0-1: Ground out 4-3 (Groundball, 4MD, EV 109.4 MPH)
|
|
Batting: LHB Willy Berrios
|
0-0: Ball 1-0: Fly out, F5 (Popup, 25, EV 86.9 MPH)
|
| Bottom of the 6th over - 1 run, 1 hit, 0 errors, 0 left on base; Portland 3 - Kelowna 5 |
| TOP OF THE 7TH |
|
Portland Angels batting - Pitching for Kelowna Heat : LHP Chris Wrobel
|
|
Batting: LHB Lourens Aukema
|
0-0: Ball 1-0: Fly out, F8 (Flyball, 89M, EV 98.8 MPH)
|
|
Batting: RHB Jose Garduno
|
0-0: Called Strike 0-1: Ground out 6-3 (Groundball, 6, EV 105.6 MPH)
|
|
Batting: LHB Miguel Hernandez
|
0-0: Ball 1-0: Foul Ball, location: 2F 1-1: Swinging Strike 1-2: Strikes out swinging
|
| Top of the 7th over - 0 runs, 0 hits, 0 errors, 0 left on base; Portland 3 - Kelowna 5 |
| BOTTOM OF THE 7TH |
|
Kelowna Heat batting - Pitching for Portland Angels : LHP Ismael Flores
|
|
Batting: RHB Glen Limeburner
|
0-0: Foul Ball, location: 2F 0-1: Ground out 4-3 (Groundball, 34, EV 98.8 MPH)
|
|
Batting: LHB Caleb Hartwell
|
0-0: Foul Ball, location: 2F 0-1: Foul Ball, location: 2F 0-2: Ball 1-2: Ball 2-2: Ball 3-2: Strikes out swinging
|
|
Batting: RHB Joe Nelson
|
0-0: Ball 1-0: Foul Ball, location: 2F 1-1: Foul Ball, location: 2F 1-2: Ground out 5-3 (Groundball, 56, EV 85.6 MPH)
|
| Bottom of the 7th over - 0 runs, 0 hits, 0 errors, 0 left on base; Portland 3 - Kelowna 5 |
| TOP OF THE 8TH |
|
Portland Angels batting - Pitching for Kelowna Heat : LHP Chris Wrobel
|
|
Batting: RHB Joe Keough
|
0-0: Ball 1-0: Ball 2-0: Ball 3-0: Base on Balls
|
|
Pitching: RHP Wally Dethridge
|
|
|
Pinch Hitting: LHB Jon Rahn
|
0-0: Called Strike 0-1: Foul Ball, location: 2F 0-2: Fly out, F7 (Flyball, 7LD, EV 101.2 MPH)
|
|
Batting: RHB Esteban Rangel
|
0-0: Ball 1-0: Ball 2-0: Ball 3-0: Base on Balls Joe Keough to second
|
|
Pitching: RHP Cody Sharp
|
|
|
Batting: LHB John Harvey
|
0-0: Called Strike 0-1: Swinging Strike 0-2: Ball 1-2: Strikes out looking
|
|
Pinch Hitting: LHB Lupe Garcia
|
0-0: Called Strike 0-1: Ball 1-1: Foul Ball, location: 2F 1-2: Foul Ball, location: 2F 1-2: Foul Ball, location: 2F 1-2: Ball 2-2: Ball 3-2: Ground out 4-3 (Groundball, 4, EV 109.4 MPH)
|
| Top of the 8th over - 0 runs, 0 hits, 0 errors, 2 left on base; Portland 3 - Kelowna 5 |
| BOTTOM OF THE 8TH |
|
Kelowna Heat batting - Pitching for Portland Angels : LHP Ismael Flores
|
|
Now at C: Joe Keough
|
|
|
Now at 1B: Jon Rahn
|
|
|
Now at 3B: Jonathan Barrie
|
|
|
Batting: RHB Jose Sanchez
|
0-0: SINGLE (Groundball, 4M, EV 95.0 MPH)
|
|
Batting: SHB Michael Woodard
|
0-0: Ball 1-0: Called Strike 1-1: Fly out, F7 (Flyball, 78S, EV 91.9 MPH)
|
|
Batting: LHB Billy Lang
|
0-0: Foul Ball, location: 2F 0-1: Ball 1-1: Foul Ball, location: 2F 1-2: Ball 2-2: Ball 3-2: Hit by Pitch Jose Sanchez to second
|
|
Batting: LHB Alex Larangho
|
0-0: Foul Ball, location: 2F 0-1: Foul Ball, location: 2F 0-2: Ball 1-2: Strikes out looking
|
|
Batting: RHB Sean Gilbert
|
0-0: Ball 1-0: Foul Ball, location: 2F 1-1: Ball 2-1: Fly out, F8 (Flyball, 8RD, EV 91.9 MPH)
|
| Bottom of the 8th over - 0 runs, 1 hit, 0 errors, 2 left on base; Portland 3 - Kelowna 5 |
| TOP OF THE 9TH |
|
Portland Angels batting - Pitching for Kelowna Heat : RHP Cody Sharp
|
|
Pitching: RHP Carlos Florez
|
|
|
Batting: RHB Dan Contreras
|
0-0: Ball 1-0: Ball 2-0: Ball 3-0: Called Strike 3-1: Swinging Strike 3-2: Strikes out swinging
|
|
Batting: LHB Lourens Aukema
|
0-0: Ball 1-0: Ball 2-0: Foul Ball, location: 2F 2-1: Foul Ball, location: 2F 2-2: Ball 3-2: Strikes out swinging
|
|
Batting: RHB Jose Garduno
|
0-0: Ball 1-0: SINGLE (Line Drive, 34, EV 96.2 MPH)
|
|
Batting: LHB Miguel Hernandez
|
0-0: Ball 1-0: Called Strike 1-1: Swinging Strike 1-2: Ground out 4-3 (Groundball, 34, EV 77.5 MPH)
|
| Top of the 9th over - 0 runs, 1 hit, 0 errors, 1 left on base; Portland 3 - Kelowna 5 |
|